 Dungeon Crawl Stone Soup version 0.18-a0-1078-gebb93d0 (webtiles) character file.

501 tof the Shield-Bearer (level 7, -2/54 HPs)
             Began as a Formicid Fighter on Jan 14, 2016.
             Slain by Edmund
             ... wielding a +3 flail of draining
              (3 damage)
             ... on level 4 of the Dungeon.
             The game lasted 00:12:06 (4682 turns).

tof the Shield-Bearer (Formicid Fighter)            Turns: 4682, Time: 00:12:06

Health: -2/54      AC:  8    Str: 20    XL:     7   Next: 40%
Magic:  7/7        EV:  6    Int:  8    God:
Gold:   232        SH:  7    Dex: 12    Spells: 0 memorised, 6 levels left

rFire  . . .     SeeInvis +     a - +0 long sword
rCold  . . .     Gourm    .     u - +0 scale mail
rNeg   . . .     Faith    .     c - +0 shield
rPois  .         Spirit   .     (helmet unavailable)
rElec  .         Dismiss  .     x - +0 cloak
rCorr  .         Reflect  .     n - +0 pair of gloves
SustAt .         Harm     .     (no boots)
MR     .....                    (no amulet)
Stlth  ..........               (no ring)
                                (no ring)

@: very heavily drained, not resistant to hostile enchantments, extremely
unstealthy
A: permanent stasis, dig shafts and tunnels, four strong arms, antennae 3
a: Dig, Shaft Self


You were on level 4 of the Dungeon.
You were not hungry.

You visited 1 branch of the dungeon, and saw 5 of its levels.

You collected 232 gold pieces.

Inventory:

Hand Weapons
 a - a +0 long sword (weapon)
 b - a +2 hunting sling of freezing
 D - a +2 scythe of protection
Missiles
 B - 34 sling bullets
 C - 176 stones (quivered)
Armour
 c - a +0 shield (worn)
 n - a +0 pair of gloves (worn)
 u - a +0 scale mail (worn)
 x - a +0 cloak (worn)
Rods
 y - a +0 rod of the swarm (13/13)
   (You found it on level 2 of the Dungeon)
Jewellery
 h - a +5 amulet of reflection {unknown}
 v - an uncursed ring of flight {unknown}
Wands
 w - a wand of fireball (9/15)
Scrolls
 e - 2 scrolls of recharging {unknown}
 k - a scroll of fog {unknown}
 l - 3 scrolls of identify {unknown}
 m - a scroll of noise {unknown}
 q - a scroll of remove curse {unknown}
 r - a scroll of teleportation {unknown}
 z - a scroll of immolation {unknown}
Potions
 d - a potion of might
 j - 2 potions of curing {unknown}
 o - a potion of lignification {unknown}
 p - a potion of magic {unknown}
 A - a potion of mutation {unknown}
 E - a potion of haste {unknown}
Comestibles
 f - 3 bread rations
 g - 4 fruits
 i - a meat ration


   Skills:
 + Level 4.2(0.0) Fighting
 * Level 3.5(0.0) Long Blades
 + Level 0.2(0.0) Polearms
 + Level 4.1(0.0) Armour
 + Level 3.1(0.0) Dodging
 + Level 1.3(0.0) Stealth
 + Level 6.1(0.0) Shields


You had 6 spell levels left.
You didn't know any spells.

Dungeon Overview and Level Annotations

Branches:
Dungeon (5/15)
 Temple: D:4-7

Altars:
Xom

Annotations:
D:4 Edmund


Innate Abilities, Weirdness & Mutations

You are under a permanent stasis effect.
You can dig through walls and to a lower floor.
Your four strong arms can wield two-handed weapons with a shield.
You have a pair of large antennae on your head (SInv).


Message History

Edmund hits you but does no damage.
You feel drained. You block Edmund's attack. You block Edmund's attack.
There is a stone staircase leading down, spattered with blood here.
You see here a sling bullet.
Edmund hits you with a flail of draining.
* * * LOW HITPOINT WARNING * * *
You feel drained.
* * * LOW HITPOINT WARNING * * *
You see here a sling bullet.
You see here a sling bullet.
Found a shimmering altar of Xom.
Found a shimmering altar of Xom.
Found a shimmering altar of Xom.
You enter a teleport trap!
The teleport trap disappears.
You found a teleport trap!
Edmund hits you with a flail of draining!
* * * LOW HITPOINT WARNING * * *
You feel drained.
You die...

##############
######.((.........#
.......##########.#
###..>## #.##
#.....# #..#
##...## ###.##
##.## ###@..♣## #.#
#≈@.≈...# #.#
#..♣....≈.# #+#
#.^...#_^≈....# {
#.#..♣.#._.≈#.. #
##.#..♣.♣## #
##≈≈_≈.# ###^### ..


You could see Edmund.

Vanquished Creatures
  An ogre (D:4)
  3 big kobolds
  2 adders (D:3)
  9 gnolls (D:3)
  2 worms (D:3)
  4 orcs (D:3)
  2 giant cockroaches
  32 goblins
  16 hobgoblins
  7 kobolds
  A quokka (D:2)
  6 bats
  3 giant newts (D:2)
  7 rats
95 creatures vanquished.

Vanquished Creatures (others)
  A hobgoblin (D:3)
  5 toadstools (D:1)
6 creatures vanquished.

Grand Total: 101 creatures vanquished

Notes
Turn   | Place    | Note
--------------------------------------------------------------
     0 | D:1      | tof the Formicid Fighter began the quest for the Orb.
     0 | D:1      | Reached XP level 1. HP: 18/18 MP: 1/1
   774 | D:2      | Reached XP level 2. HP: 24/24 MP: 2/2
   907 | D:2      | Reached skill level 4 in Shields
   955 | D:2      | Reached XP level 3. HP: 29/29 MP: 3/3
  1492 | D:3      | Noticed a big kobold
  1492 | D:3      | Noticed a big kobold
  1492 | D:3      | Noticed a big kobold
  1540 | D:3      | Reached skill level 1 in Dodging
  1562 | D:2      | HP: 1/30 [giant cockroach (1)]
  1578 | D:2      | HP: 1/30 [giant cockroach (2)]
  1590 | D:2      | HP: 1/30 [giant cockroach (1)]
  1896 | D:1      | Reached XP level 4. HP: 6/37 MP: 4/4
  2172 | D:2      | Killed a big kobold
  2172 | D:2      | Reached XP level 5. HP: 39/42 MP: 5/5
  2294 | D:3      | Killed a big kobold
  2294 | D:3      | Reached skill level 5 in Shields
  2294 | D:3      | Reached XP level 6. HP: 46/48 MP: 6/6
  2852 | D:3      | Reached skill level 1 in Stealth
  3610 | D:3      | Reached XP level 7. HP: 54/54 MP: 7/7
  4139 | D:4      | Reached skill level 6 in Shields
  4361 | D:4      | Noticed Edmund
  4427 | D:5      | Entered Level 5 of the Dungeon
  4676 | D:4      | Found a shimmering altar of Xom.
  4677 | D:4      | Found a shimmering altar of Xom.
  4679 | D:4      | Found a shimmering altar of Xom.
  4682 | D:4      | HP: 1/54 [Edmund/flail of draining (10)]
  4682 | D:4      | Slain by Edmund

Vault maps used:
D:1:      ldierk_walled_garden, minmay_misc_feat_iff
D:3:      minmay_goblin_kobold_castle, minmay_misc_feat_cross
D:4:      xom_redecorated, kennysheep_little_box, minmay_temple_entry_overgrown,
          kennysheep_another_room, uniq_edmund, uniq_natasha
D:5:      nicolae_gozag_seed_capital, nicolae_overflow_hidden_temple,
          kiku_gazebo_garden_becter, gammafunk_temple_overflow_pools,
          first_bread, uniq_duvessa

Action                   |  1- 3 |  4- 6 |  7- 9 || total
-------------------------+-------+-------+-------++-------
Melee: Long sword        |   111 |   139 |    79 ||   329
       Scythe            |       |    35 |       ||    35
 Fire: Hunting sling     |    20 |    18 |     4 ||    42
 Abil: Dig               |       |       |     2 ||     2
  Eat: Chunk             |     3 |     2 |     3 ||     8
       Royal jelly       |       |     1 |       ||     1
       Pizza             |       |     1 |       ||     1
       Beef jerky        |       |       |     1 ||     1
